[Event "Titled Tuesday Blitz January 17 Late 2023"]
[White "Ferriz Barrios, Andres"]
[Black "Szyszylo, Rafal"]
[WhiteFideId "5104467"]
[BlackFideId "1109626"]
[WhiteElo "2102"]
[BlackElo "2091"]
[Result "1-0"]
[Round "08"]
[TimeControl "180+2"]
[Date "2023.01.17"]
[WhiteClock "0:00:25"]
[BlackClock "0:00:24"]

1. d4 g6 2. Nc3 Bg7 3. Bf4 d6 4. e4 c6 5. Qd2 Nd7 6. Nf3 e5 7. dxe5 dxe5 8. Bg5 Qa5 9. O-O-O h6 10. Be3 Ngf6 11. h4 Ng4 12. Bc4 Nxe3 13. Qxe3 Nf6 14. Rd6 Ng4 15. Qe2 Bf8 16. Rd2 Bc5 17. Rf1 Bb4 18. Rd3 b5 19. Bb3 Qc7 20. Rfd1 O-O 21. h5 g5 22. a3 Bc5 23. Rf1 a5 24. Nd1 a4 25. Ba2 Qe7 26. c3 Ba6 27. Nh4 gxh4 28. Qxg4+ Qg5+ 29. Qxg5+ hxg5 30. Rf3 b4 31. Rh1 b3 32. Bb1 f6 33. g3 Be2 34. Rd3 Bxd3 35. Bxd3 hxg3 36. fxg3 Kg7 37. h6+ Kg6 38. Bc4 Rh8 39. Be6 Rxh6 40. Bf5+ Kg7 41. Rf1 Rd8 42. g4 Rh2 43. Be6 Rc2+ 44. Kb1 Rdd2 45. Bc4 Rh2 46. Ba6 Rcd2 47. Bb7 Bf2 48. Bxc6 Bg3 49. Bxa4 Bf4 50. Bxb3 Rde2 51. Bc4 Rd2 52. Bd5 Kf8 53. a4 Ke7 54. a5 Kd6 55. a6 Rh7 56. a7 Rxa7 57. c4 Rh7 58. Nc3 Kc5 59. Na4+ Kd4 60. Nc3 Kd3 61. Rd1 Rh2 62. Rxd2+ Rxd2 63. c5 Kd4 64. c6 Rh2 65. c7 Rh8 66. Be6 Bd2 67. c8=Q Rxc8 68. Bxc8 Bxc3 69. bxc3+ Kxc3 70. Bf5 Kd3 71. Kb2 Kc4 72. Kc2 Kd4 73. Kb3 Kc5 74. Kc3 Kb5 75. Kd3 Kc5 76. Kc3 Kb5 77. Be6 Kc5 78. Bd5 f5 79. gxf5 g4 80. f6 Kd6 81. f7 Ke7 82. Kd2 g3 83. Ke2 g2 84. Kf2 g1=Q+ 85. Kxg1 Kf8 86. Kg2 Ke7 87. Kg3 Kf8 88. Kg4 Ke7 89. Kf5 Kf8 90. Kxe5 Ke7 91. Kf5 Kf8 92. e5 Ke7 93. Bb3 Kf8 94. Kg6 Ke7 95. Kg7 Kd7 96. f8=Q 1-0


[Site "https://www.chess.com"]

[Event "Titled Tuesday Blitz January 17 Late 2023"]
[White "Herbst, Richard"]
[Black "Remolar Gallen, Jose"]
[WhiteFideId "2041251"]
[BlackFideId "2215187"]
[WhiteElo "2120"]
[BlackElo "2285"]
[Result "0-1"]
[Round "08"]
[TimeControl "180+2"]
[Date "2023.01.17"]
[WhiteClock "0:00:37"]
[BlackClock "0:00:11"]

1. e4 d6 2. d4 Nf6 3. Nc3 g6 4. Be3 Bg7 5. Qd2 c6 6. Bh6 Bxh6 7. Qxh6 b5 8. Bd3 b4 9. Nce2 Qa5 10. Nf3 Qh5 11. Qd2 Bg4 12. Qxb4 Nbd7 13. Ng3 Qh6 14. Qd2 Qg7 15. Qe3 Rb8 16. O-O-O O-O 17. h3 Bxf3 18. Qxf3 c5 19. c3 cxd4 20. cxd4 Rb4 21. Ne2 Rfb8 22. Rd2 e5 23. Bc2 Rxb2 24. Qa3 Qh6 25. f4 exf4 26. Qxb2 Rxb2 27. Kxb2 f3 28. Rd3 fxe2 29. Re1 Nxe4 30. Rxe2 d5 31. Rb3 Nb6 32. Bxe4 dxe4 33. Rxe4 Qd2+ 34. Ka3 Nc4+ 35. Ka4 Qa5# 0-1


[Site "https://www.chess.com"]

[Event "Titled Tuesday Blitz January 17 Late 2023"]
[White "Qiao, Cindy"]
[Black "Cueto, Jonny"]
[WhiteFideId "2620243"]
[BlackFideId "3300145"]
[WhiteElo "1785"]
[BlackElo "2122"]
[Result "1-0"]
[Round "08"]
[TimeControl "180+2"]
[Date "2023.01.17"]
[WhiteClock "0:01:09"]
[BlackClock "0:00:03"]

1. d4 e6 2. Bf4 b6 3. e3 Bb7 4. Nf3 d6 5. Nbd2 Nd7 6. Bd3 g6 7. O-O Bg7 8. c4 Ne7 9. Re1 e5 10. dxe5 dxe5 11. Bg3 O-O 12. Qc2 Nc5 13. Be2 e4 14. Ng5 Nd3 15. Bxd3 exd3 16. Qb3 Nf5 17. Rad1 Qxg5 18. Qxd3 Nxg3 19. hxg3 Rad8 20. Qb3 Qe5 21. Qa4 a5 22. b3 Qc3 23. Nf3 Bxf3 24. gxf3 Qc2 25. Rc1 Qf5 26. Kg2 Rd2 27. Qc6 Qd7 28. Qe4 Rd8 29. c5 Rxa2 30. Red1 Rd2 31. c6 Qd6 32. Re1 Qe5 33. Qc4 Qd5 34. Qf4 Qd6 35. Qc4 Qd5 36. Qf4 Qb5 37. Qxc7 Be5 38. Qe7 R2d3 39. c7 Rc8 40. Red1 Rxd1 41. Rxd1 Rxc7 42. Rd8+ Kg7 43. Qf8+ Kf6 44. Qh8+ Ke7 45. Qf8+ Kf6 46. f4 Bc3 47. Rd6+ Kf5 48. Qd8 Qc5 49. Rd5+ Qxd5+ 50. Qxd5+ Kf6 51. g4 Re7 52. g5+ Kg7 53. Qd6 Re8 54. Qxb6 Bb4 55. Qb5 Rc8 56. Qd7 Rc2 57. f5 Be1 58. f6+ Kf8 59. Qd8# 1-0


[Site "https://www.chess.com"]

[Event "Titled Tuesday Blitz January 17 Late 2023"]
[White "Stachanczyk, Jacek"]
[Black "Almedina Ortiz, Edgardo J."]
[WhiteFideId "1116657"]
[BlackFideId "3100197"]
[WhiteElo "2147"]
[BlackElo "2156"]
[Result "1-0"]
[Round "08"]
[TimeControl "180+2"]
[Date "2023.01.17"]
[WhiteClock "0:00:33"]
[BlackClock "0:00:24"]

1. e4 c5 2. Nf3 e6 3. d4 cxd4 4. Nxd4 Nc6 5. Nc3 Qc7 6. Nxc6 bxc6 7. Qf3 d5 8. b3 Nf6 9. Bb2 Be7 10. O-O-O O-O 11. Kb1 a5 12. Bd3 Ba6 13. h4 Bxd3 14. Rxd3 a4 15. e5 Nd7 16. Nxa4 Rfb8 17. Qg3 c5 18. Nc3 c4 19. Rf3 Qxe5 20. Nxd5 Qxg3 21. Nxe7+ Kf8 22. Rxg3 Kxe7 23. Rxg7 cxb3 24. axb3 h6 25. Rh7 Rg8 26. g3 Rg6 27. h5 Rg5 28. Rxh6 Rf5 29. Rh8 Rxh8 30. Bxh8 f6 31. h6 Kf7 32. h7 1-0


[Site "https://www.chess.com"]

[Event "Titled Tuesday Blitz January 17 Late 2023"]
[White "Kalajzic, Ivan"]
[Black "Batista, Renato Luiz"]
[WhiteFideId "14506378"]
[BlackFideId "2106540"]
[WhiteElo "2062"]
[BlackElo "2174"]
[Result "1-0"]
[Round "08"]
[TimeControl "180+2"]
[Date "2023.01.17"]
[WhiteClock "0:01:18"]
[BlackClock "0:01:38"]

1. c4 Nf6 2. Nc3 c5 3. g3 g6 4. Bg2 Bg7 5. d3 Kf8 6. e4 d6 7. Nge2 Nc6 8. O-O h6 9. a3 Bd7 10. Rb1 Rb8 11. b4 b6 12. b5 Nd4 13. Nxd4 cxd4 14. Nd5 e5 15. f4 Nxd5 16. exd5 Kg8 17. a4 Kh7 18. fxe5 dxe5 19. Rxf7 Rf8 20. Qf3 Bf5 21. Rxf8 Qxf8 22. Bd2 Qa3 23. Bf1 e4 24. Qf4 e3 25. Be1 Rf8 26. Bb4 Qa2 27. Bxf8 Qxb1 28. Bxg7 e2 29. Qxh6+ Kg8 30. Qh8+ Kf7 31. Qf8# 1-0


[Site "https://www.chess.com"]

[Event "Titled Tuesday Blitz January 17 Late 2023"]
[White "Sabar, Ethmane Daouda"]
[Black "Rian, Kapriaga"]
[WhiteFideId "19600097"]
[BlackFideId "7103263"]
[WhiteElo "2040"]
[BlackElo "2089"]
[Result "0-1"]
[Round "08"]
[TimeControl "180+2"]
[Date "2023.01.17"]
[WhiteClock "0:00:08"]
[BlackClock "0:01:10"]

1. e4 c6 2. d4 d5 3. Nc3 dxe4 4. Nxe4 Bf5 5. Ng3 Bg6 6. Nf3 Nd7 7. h4 h6 8. h5 Bh7 9. Bd3 Bxd3 10. Qxd3 e6 11. Bd2 Ngf6 12. O-O-O Be7 13. Kb1 O-O 14. Ne4 c5 15. dxc5 Nxc5 16. Qxd8 Rfxd8 17. Nxf6+ Bxf6 18. Be3 Na4 19. Bd4 Bxd4 20. Rxd4 Rxd4 21. Nxd4 Rd8 22. c3 Rd5 23. Kc2 Nc5 24. f3 Nd7 25. f4 Nf6 26. Kd3 Rxh5 27. Rxh5 Nxh5 28. Ke4 Kf8 29. Nb5 a6 30. Nd6 b6 31. Nc8 Nf6+ 32. Ke5 b5 33. Kd6 Nd5 34. g3 Nf6 35. b3 Ne4+ 36. Kc6 Nxc3 37. Kb6 Nxa2 38. Kxa6 b4 39. Kb5 h5 40. Na7 f6 41. Nc6 g5 42. fxg5 fxg5 43. Nxb4 Nxb4 44. Kxb4 h4 45. gxh4 gxh4 46. Kc3 h3 47. b4 h2 48. b5 h1=Q 49. b6 Qc6+ 0-1


[Site "https://www.chess.com"]

[Event "Titled Tuesday Blitz January 17 Late 2023"]
[White "Papp, Petra"]
[Black "Quinones Garcia, Santiago"]
[WhiteFideId "739049"]
[BlackFideId "4408497"]
[WhiteElo "2343"]
[BlackElo "2248"]
[Result "0-1"]
[Round "08"]
[TimeControl "180+2"]
[Date "2023.01.17"]
[WhiteClock "0:00:50"]
[BlackClock "0:01:00"]

1. e4 e5 2. f4 exf4 3. Nf3 d5 4. exd5 Qxd5 5. Nc3 Qd8 6. Bc4 Nf6 7. O-O Bc5+ 8. d4 Bb6 9. Bxf4 Nc6 10. Ne2 O-O 11. c3 h6 12. Ne5 Nxe5 13. Bxe5 Nd5 14. Qd3 c6 15. Nf4 Re8 16. Nxd5 cxd5 17. Bb3 Rxe5 18. Bc2 f5 19. Kh1 Re4 20. Qf3 Be6 21. Bxe4 dxe4 22. Qg3 Bc7 23. Qg6 Bd7 24. Rxf5 Bxf5 25. Qxf5 Qe7 26. Re1 e3 27. d5 Re8 28. Qd3 e2 29. d6 Bxd6 30. c4 Rf8 31. h3 Re8 32. a3 Kh8 33. b4 Qe5 0-1


[Site "https://www.chess.com"]

[Event "Titled Tuesday Blitz January 17 Late 2023"]
[White "Abdyzhaparov, Aidar"]
[Black "Guevara Sanchez, Erick Marvin"]
[WhiteFideId "13800361"]
[BlackFideId "6700136"]
[WhiteElo "1978"]
[BlackElo "2073"]
[Result "1-0"]
[Round "08"]
[TimeControl "180+2"]
[Date "2023.01.17"]
[WhiteClock "0:02:13"]
[BlackClock "0:00:57"]

1. Nf3 c5 2. c4 Nc6 3. d4 cxd4 4. Nxd4 g6 5. e4 Bg7 6. Be3 Nf6 7. Nc3 Ng4 8. Qxg4 Nxd4 9. Qd1 e5 10. Bd3 O-O 11. h4 h5 12. Qd2 Re8 13. O-O-O d6 14. Nd5 Be6 15. Bg5 Qc8 16. Nf6+ Kh8 17. Nxe8 Bxc4 18. Nxd6 Bxa2+ 19. Nxc8 Rxc8+ 20. Qc3 Nb3+ 21. Kc2 Nd4+ 22. Kd2 1-0


[Site "https://www.chess.com"]

[Event "Titled Tuesday Blitz January 17 Late 2023"]
[White "Adithya A Chullikkad"]
[Black "Romero Ruscalleda, Josep"]
[WhiteFideId "45078734"]
[BlackFideId "2231859"]
[WhiteElo "2259"]
[BlackElo "2160"]
[Result "0-1"]
[Round "08"]
[TimeControl "180+2"]
[Date "2023.01.17"]
[WhiteClock "0:00:13"]
[BlackClock "0:00:25"]

1. d4 g6 2. Bf4 Bg7 3. e3 d6 4. h3 Nf6 5. c3 O-O 6. Bd3 b6 7. Nf3 Bb7 8. O-O Nbd7 9. Nbd2 Rc8 10. Qa4 a5 11. Bb5 Re8 12. Bc6 Ba6 13. Bb5 Bxb5 14. Qxb5 e5 15. Bg5 h6 16. Bh4 e4 17. Nh2 g5 18. Bg3 Nh5 19. Qf5 Qe7 20. Ng4 Nxg3 21. fxg3 Qe6 22. h4 Qxf5 23. Rxf5 f6 24. Nf2 Kf7 25. Nfxe4 Kg6 26. Raf1 Re6 27. R5f3 Rce8 28. Nf2 Rxe3 29. Rxe3 Rxe3 30. Nfe4 d5 31. Kf2 Rxe4 32. Nxe4 dxe4 33. Ke3 f5 34. h5+ Kxh5 35. Rxf5 Nf6 36. c4 Kg4 37. Re5 Kxg3 38. Re7 Nh5 39. Kxe4 Kxg2 40. Rxc7 g4 41. Kf5 g3 42. Kg6 Bxd4 43. Kxh5 Bxb2 44. Kxh6 Kh1 45. Rc8 g2 46. Rg8 g1=Q 47. Rxg1+ Kxg1 48. Kg5 Bd4 49. Kf5 Kf2 50. Ke4 Bc5 51. Kd3 Kf3 52. Kc2 Ke3 53. Kb3 Kd3 54. a3 Kd4 55. Ka4 Kd3 56. Kb3 Kd2 57. Ka4 Kc1 58. Kb3 Kb1 59. a4 Kc1 60. Kc3 Bb4+ 61. Kd4 Kb2 62. Kd5 Kb3 63. Kc6 Bc5 64. Kb5 Ka3 0-1


[Site "https://www.chess.com"]

[Event "Titled Tuesday Blitz January 17 Late 2023"]
[White "Vargas, Mauricio"]
[Black "Cepo, Toni"]
[WhiteFideId "4404572"]
[BlackFideId "4675916"]
[WhiteElo "2035"]
[BlackElo "2145"]
[Result "0-1"]
[Round "08"]
[TimeControl "180+2"]
[Date "2023.01.17"]
[WhiteClock "0:00:10"]
[BlackClock "0:00:33"]

1. e4 e5 2. Nf3 Nf6 3. Nxe5 d6 4. Nf3 Nxe4 5. Nc3 Nf6 6. d4 d5 7. Bd3 Be7 8. Bf4 c6 9. Qd2 O-O 10. O-O-O b5 11. h4 Bd6 12. h5 Bxf4 13. Qxf4 h6 14. Rh3 Bxh3 15. gxh3 Nbd7 16. Rg1 Kh8 17. Qf5 b4 18. Ne2 Qe7 19. Nf4 Ne4 20. Nh4 Qxh4 21. f3 Ndf6 22. b3 Qf2 23. Rf1 Qd2+ 24. Kb1 Nc3+ 25. Kb2 Rae8 0-1


[Site "https://www.chess.com"]

[Event "Titled Tuesday Blitz January 17 Late 2023"]
[White "Smith, Garrett L"]
[Black "Michalski, Olaf"]
[WhiteFideId "2024829"]
[BlackFideId "1106740"]
[WhiteElo "2047"]
[BlackElo "2273"]
[Result "0-1"]
[Round "08"]
[TimeControl "180+2"]
[Date "2023.01.17"]
[WhiteClock "0:01:07"]
[BlackClock "0:00:08"]

1. e4 c5 2. a3 e6 3. b4 cxb4 4. axb4 Bxb4 5. Bb2 Nf6 6. e5 Nd5 7. c4 Ne7 8. Qg4 Nf5 9. Bd3 h5 10. Qf4 Qh4 11. Qxh4 Nxh4 12. Be4 g6 13. Nc3 Bxc3 14. Bxc3 Nc6 15. d4 O-O 16. d5 exd5 17. cxd5 Nxe5 18. Bxe5 Re8 19. f4 d6 20. g3 dxe5 21. gxh4 exf4 22. Kf2 Rxe4 23. Ne2 Bg4 24. Nc3 Re3 25. Nb5 Re2+ 26. Kf1 Rae8 27. h3 Bf3 28. Rg1 Bxd5 29. Nc3 Rd2 30. Rg5 Bc4+ 31. Kg1 f3 32. Ra4 f2+ 0-1


[Site "https://www.chess.com"]

[Event "Titled Tuesday Blitz January 17 Late 2023"]
[White "Stanisz, Patryk"]
[Black "Curtis, John"]
[WhiteFideId "1123106"]
[BlackFideId "3200256"]
[WhiteElo "2161"]
[BlackElo "2292"]
[Result "0-1"]
[Round "08"]
[TimeControl "180+2"]
[Date "2023.01.17"]
[WhiteClock "0:00:05"]
[BlackClock "0:00:15"]

1. d4 Nf6 2. c4 e6 3. Nc3 d5 4. Nf3 Be7 5. Bf4 O-O 6. e3 c5 7. dxc5 Bxc5 8. Qc2 dxc4 9. Bxc4 Nc6 10. a3 Qe7 11. Rd1 e5 12. Bg5 Be6 13. Nd5 Bxd5 14. Bxd5 Bb6 15. Bxc6 Rac8 16. Qc3 Rxc6 17. Qxe5 Qxe5 18. Nxe5 Rc2 19. Bxf6 gxf6 20. Nd7 Rfc8 21. Nxf6+ Kg7 22. Nh5+ Kh6 23. Ng3 Rxb2 24. O-O Rd8 25. Rxd8 Bxd8 26. Rd1 Ba5 27. Rd6+ Kg7 28. Nf5+ Kf8 29. g4 Ke8 30. h4 Be1 31. f3 Bf2+ 32. Kf1 a5 33. Rh6 b5 34. Rxh7 b4 35. Rh8+ Kd7 36. axb4 a4 37. Ra8 Ra2 38. Ra7+ Kc8 39. Ra5 a3 40. Nd4 Bxh4 41. Rc5+ Kd8 42. Rd5+ Ke8 43. Ra5 Rf2+ 44. Kg1 a2 45. Nf5 Rb2 46. Nxh4 Rb1+ 47. Kg2 a1=Q 48. Rxa1 Rxa1 49. Nf5 Rb1 50. b5 Rb2+ 51. Kg3 Kd7 52. e4 Rxb5 53. Kf4 Rb1 54. Ne3 Rb3 55. Nd5 Ra3 56. g5 Ke6 57. Kg4 Ke5 58. Kg3 Rb3 59. Kg4 Ra3 60. Nf6 Ra1 61. f4+ Ke6 62. f5+ Ke5 63. Nd7+ Kxe4 64. g6 Rg1+ 65. Kh5 Kxf5 66. gxf7 Rh1# 0-1


[Site "https://www.chess.com"]

[Event "Titled Tuesday Blitz January 17 Late 2023"]
[White "Souza, Gustavo Horokoski De"]
[Black "Rosh Jain"]
[WhiteFideId "2146584"]
[BlackFideId "25789465"]
[WhiteElo "1943"]
[BlackElo "2248"]
[Result "0-1"]
[Round "08"]
[TimeControl "180+2"]
[Date "2023.01.17"]
[WhiteClock "0:00:13"]
[BlackClock "0:00:55"]

1. d4 d5 2. c4 e6 3. Nc3 Nf6 4. cxd5 exd5 5. Bg5 Be7 6. e3 h6 7. Bh4 O-O 8. Bd3 Re8 9. Nge2 Nbd7 10. O-O Nf8 11. Qc2 c6 12. f3 Be6 13. Rad1 Rc8 14. Na4 N6d7 15. Bxe7 Qxe7 16. e4 c5 17. dxc5 Nxc5 18. Nxc5 Rxc5 19. Qa4 Rec8 20. Nc3 dxe4 21. Bxe4 a6 22. b3 Rxc3 23. Kh1 Qc7 24. Qd4 Nd7 25. Bd3 Rc5 26. Rfe1 Rh5 27. f4 Nf6 28. Rc1 Qxc1 0-1


[Site "https://www.chess.com"]

[Event "Titled Tuesday Blitz January 17 Late 2023"]
[White "Bongo Akanga Ndjila, Barthelemy"]
[Black "Thiel, Thomas"]
[WhiteFideId "10609431"]
[BlackFideId "4615964"]
[WhiteElo "1824"]
[BlackElo "2234"]
[Result "0-1"]
[Round "08"]
[TimeControl "180+2"]
[Date "2023.01.17"]
[WhiteClock "0:00:14"]
[BlackClock "0:02:13"]

1. d4 Nf6 2. Nf3 g6 3. c4 Bg7 4. Nc3 d5 5. Bg5 Ne4 6. Bh4 Nxc3 7. bxc3 dxc4 8. Qa4+ Qd7 9. Qb4 a5 10. Qxc4 b6 11. a4 Ba6 12. Qa2 O-O 13. e3 Bxf1 14. Kxf1 Nc6 15. h3 e5 0-1


[Site "https://www.chess.com"]

[Event "Titled Tuesday Blitz January 17 Late 2023"]
[White "Stead, Kerry"]
[Black "Fajdetic, Hrvoje"]
[WhiteFideId "3202577"]
[BlackFideId "14501945"]
[WhiteElo "1908"]
[BlackElo "2151"]
[Result "1/2-1/2"]
[Round "08"]
[TimeControl "180+2"]
[Date "2023.01.17"]
[WhiteClock "0:00:23"]
[BlackClock "0:00:11"]

1. e4 c5 2. c3 d5 3. e5 Bf5 4. d4 e6 5. h4 h6 6. Bd3 Bxd3 7. Qxd3 Nc6 8. Be3 Qb6 9. Qd2 Rc8 10. Ne2 Na5 11. b3 Nc6 12. f4 cxd4 13. Nxd4 Nxd4 14. Bxd4 Bc5 15. O-O Ne7 16. Kh1 Nf5 17. Bxc5 Qxc5 18. Qe1 Qe3 19. Qxe3 Nxe3 20. Rc1 Nf5 21. Nd2 Nxh4 22. c4 dxc4 23. Nxc4 Nf5 24. g4 b5 25. gxf5 bxc4 26. fxe6 fxe6 27. Rxc4 Rxc4 28. bxc4 Kf7 29. Kg2 Rc8 30. Rc1 Rc5 31. Kf3 Kg6 32. Ke4 h5 33. Rg1+ Kh6 34. Kd4 Rc8 35. c5 g6 36. Rc1 h4 37. Rg1 Kh5 38. Rg5+ Kh6 39. Kc4 a6 40. a4 Rc7 41. Kd4 Rc6 42. Kc4 Rc7 43. Rg1 Kh5 44. Kd4 Rd7+ 45. Ke4 Rc7 46. Rc1 Kg4 47. Rg1+ Kh5 48. Rc1 Kg4 49. Rg1+ Kh5 1/2-1/2


[Site "https://www.chess.com"]

[Event "Titled Tuesday Blitz January 17 Late 2023"]
[White "Marcolino, Daniel Mattos"]
[Black "Coe, William"]
[WhiteFideId "2106841"]
[BlackFideId "30913624"]
[WhiteElo "2006"]
[BlackElo "2078"]
[Result "0-1"]
[Round "08"]
[TimeControl "180+2"]
[Date "2023.01.17"]
[WhiteClock "0:00:10"]
[BlackClock "0:00:09"]

1. d4 f5 2. Nf3 Nf6 3. g3 e6 4. Bg2 Be7 5. O-O O-O 6. b3 d5 7. c4 c6 8. Ba3 Nbd7 9. Bxe7 Qxe7 10. Nc3 Ne4 11. Qc2 Nxc3 12. Qxc3 Nf6 13. Ne5 Bd7 14. Rac1 Be8 15. cxd5 exd5 16. b4 Ne4 17. Qb2 Nd6 18. e3 a5 19. a3 axb4 20. axb4 Nb5 21. Ra1 Bh5 22. Qb3 Kh8 23. h4 Nd6 24. Rfc1 Be2 25. Ra5 Bc4 26. Qa3 Nb5 27. Qa4 Rxa5 28. Qxa5 Nd6 29. Qc5 Qc7 30. Ra1 Rc8 31. Ra7 Nb5 32. Ra5 b6 33. Qxc6 Qxc6 34. Nxc6 g6 35. Rxb5 Bxb5 36. Ne7 Rc1+ 37. Kh2 Bc4 38. Nxd5 Bxd5 39. Bxd5 Rb1 40. e4 Rxb4 41. e5 Rxd4 42. Bb3 Kg7 43. e6 Kf6 44. Kg2 Rd3 45. Bc4 Rc3 46. Ba2 b5 47. Kf1 b4 48. Ke2 b3 49. Bb1 Rc1 50. Bd3 b2 51. Kd2 b1=Q 52. Bxb1 Rxb1 53. Kc2 Rf1 0-1


[Site "https://www.chess.com"]

[Event "Titled Tuesday Blitz January 17 Late 2023"]
[White "Weisz, Bryan"]
[Black "Prohorov, Olexandr"]
[WhiteFideId "30934133"]
[BlackFideId "14105578"]
[WhiteElo "1973"]
[BlackElo "2086"]
[Result "0-1"]
[Round "08"]
[TimeControl "180+2"]
[Date "2023.01.17"]
[WhiteClock "0:00:11"]
[BlackClock "0:00:08"]

1. e4 c5 2. Nf3 e6 3. d4 cxd4 4. Nxd4 Qb6 5. Nc3 Bc5 6. Na4 Qa5+ 7. c3 Bxd4 8. Qxd4 Nf6 9. Nc5 Nc6 10. Qe3 d5 11. b4 Qc7 12. exd5 Nxd5 13. Qg3 Qxg3 14. hxg3 Nxc3 15. Bb2 Nd5 16. Bxg7 Rg8 17. Rxh7 Ncxb4 18. Bb5+ Ke7 19. O-O-O b6 20. Ne4 Bb7 21. a3 Rac8+ 22. Kb2 a6 23. Ba4 Nc6 24. Nc3 Nxc3 25. Bxc3 b5 26. Bb3 Rgd8 27. Re1 Rd6 28. f4 Kf8 29. Bf6 Rd2+ 30. Kc3 Na5+ 31. Kb4 Nc6+ 32. Kc3 Na5+ 33. Kxd2 Nxb3+ 34. Ke3 Ke8 35. Rd1 Bd5 36. f5 Rc2 37. fxe6 fxe6 38. Rh8+ Kd7 39. g4 Rxg2 40. g5 Rg3+ 41. Ke2 Kc6 42. Rg8 Bf3+ 43. Kf2 Bxd1 44. Kxg3 Nc5 45. g6 Ne4+ 46. Kf4 Nxf6 47. Ke5 Nxg8 48. Kxe6 Nh6 49. Kf6 Bc2 50. Kg7 Nf5+ 51. Kf6 Nd6 52. g7 Ne8+ 53. Kf7 Nxg7 54. Kxg7 a5 55. Kf6 b4 56. axb4 axb4 57. Ke5 b3 58. Kd4 b2 0-1


[Site "https://www.chess.com"]

[Event "Titled Tuesday Blitz January 17 Late 2023"]
[White "Duda, Jan-Krzysztof"]
[Black "Tang, Andrew"]
[WhiteFideId "1170546"]
[BlackFideId "2059630"]
[WhiteElo "2724"]
[BlackElo "2523"]
[Result "1-0"]
[Round "09"]
[TimeControl "180+2"]
[Date "2023.01.17"]
[WhiteClock "0:00:07"]
[BlackClock "0:00:04"]

1. d4 d5 2. Nf3 Nf6 3. Bg5 e6 4. Nbd2 Nbd7 5. e3 Bd6 6. Bd3 h6 7. Bh4 O-O 8. c4 b6 9. cxd5 exd5 10. g4 g5 11. Nxg5 hxg5 12. Bxg5 Be7 13. Qf3 Re8 14. Rg1 Ne4 15. Nxe4 Bxg5 16. Ng3 Nf6 17. Nf5 Ne4 18. h4 Bf6 19. Nh6+ Kf8 20. g5 Qd6 21. Bxe4 Rxe4 22. Qxf6 Qb4+ 23. Ke2 Be6 24. g6 Ke8 25. g7 Kd7 26. g8=Q Rxg8 27. Nxg8 Qxb2+ 28. Kf3 c5 29. h5 Qc2 30. h6 Rxd4 31. Qe5 Re4 32. Nf6+ Kc6 33. Nxe4 dxe4+ 34. Kg3 Qe2 35. Qf4 Qh5 36. Qh4 Qf3+ 37. Kh2 1-0


[Site "https://www.chess.com"]

[Event "Titled Tuesday Blitz January 17 Late 2023"]
[White "Andreikin, Dmitry"]
[Black "Abdrlauf, Elham"]
[WhiteFideId "4158814"]
[BlackFideId "1533533"]
[WhiteElo "2729"]
[BlackElo "2518"]
[Result "1-0"]
[Round "09"]
[TimeControl "180+2"]
[Date "2023.01.17"]
[WhiteClock "0:00:14"]
[BlackClock "0:00:01"]

1. Nf3 d5 2. d4 Nf6 3. c4 e6 4. g3 dxc4 5. Bg2 c5 6. O-O Nc6 7. dxc5 Qxd1 8. Rxd1 Bxc5 9. Nfd2 O-O 10. Nxc4 Bd7 11. Nc3 Rfd8 12. Bg5 Be8 13. Nb5 Rxd1+ 14. Rxd1 Rd8 15. Rxd8 Nxd8 16. Nbd6 Bc6 17. Bxc6 bxc6 18. Kg2 Kf8 19. Kf3 h6 20. Bxf6 gxf6 21. Ne4 Be7 22. g4 Nb7 23. b3 Ke8 24. h4 f5 25. gxf5 Bxh4 26. f6 Bg5 27. e3 Kd7 28. Kg4 e5 29. f4 exf4 30. exf4 Ke6 31. fxg5 hxg5 32. Kxg5 Kd5 33. Kf5 Kd4 34. Ng5 Nd8 35. Ne5 Kc3 36. Ngxf7 Nb7 37. Nxc6 Kb2 38. Ncd8 Nc5 39. Ne5 1-0


[Site "https://www.chess.com"]

[Event "Titled Tuesday Blitz January 17 Late 2023"]
[White "Borges Feria, Yasel"]
[Black "Bernadskiy, Vitaliy"]
[WhiteFideId "3504921"]
[BlackFideId "14100371"]
[WhiteElo "2439"]
[BlackElo "2592"]
[Result "1/2-1/2"]
[Round "09"]
[TimeControl "180+2"]
[Date "2023.01.17"]
[WhiteClock "0:02:10"]
[BlackClock "0:02:08"]

1. e4 c5 2. Nf3 Nc6 3. Bb5 g6 4. Bxc6 dxc6 5. O-O Bg7 6. h3 h6 7. d3 Qc7 8. Nc3 e5 9. Be3 b6 10. a3 Ne7 11. b4 cxb4 12. axb4 O-O 13. Qc1 Kh7 14. d4 f5 15. Nxe5 fxe4 16. Nxe4 1/2-1/2


[Site "https://www.chess.com"]

[Event "Titled Tuesday Blitz January 17 Late 2023"]
[White "Nakamura, Hikaru"]
[Black "Esipenko, Andrey"]
[WhiteFideId "2016192"]
[BlackFideId "24175439"]
[WhiteElo "2775"]
[BlackElo "2679"]
[Result "1-0"]
[Round "09"]
[TimeControl "180+2"]
[Date "2023.01.17"]
[WhiteClock "0:00:10"]
[BlackClock "0:00:01"]

1. d4 Nf6 2. Bg5 d5 3. e3 c5 4. Nd2 Nc6 5. Ngf3 cxd4 6. exd4 Qb6 7. Nb3 Bf5 8. c3 e6 9. Be2 Bd6 10. a4 Ne4 11. Be3 h6 12. a5 Qc7 13. a6 O-O 14. axb7 Qxb7 15. Ra2 a5 16. Nbd2 a4 17. Nxe4 Bxe4 18. O-O Rfb8 19. Nd2 Bg6 20. Qa1 Bc2 21. Bd1 Bxd1 22. Qxd1 Qb5 23. Qc2 Rc8 24. Qd1 Ne7 25. Nb1 Nf5 26. Bd2 Bf8 27. Re1 Nd6 28. Na3 Qb3 29. Qa1 Ne4 30. Bf4 Ra7 31. Nb1 Rb7 32. f3 Nd6 33. Nd2 Qb5 34. Qc1 Nc4 35. Nxc4 Qxc4 36. Qa1 Be7 37. Rxa4 Qb3 38. Ra2 Qc2 39. Qc1 Qb3 40. Qa1 Qc2 41. Bc1 Bh4 42. Rf1 Rbb8 43. Bf4 Rb6 44. Qd1 Qf5 45. Bc1 Qb1 46. Ra7 Bf6 47. Qe2 Bxd4+ 48. Kh1 Rbb8 49. Bf4 Qxf1+ 50. Qxf1 Bxa7 51. Bxb8 Rxb8 52. b4 Be3 53. Qd3 Bg5 54. b5 Bf6 55. g3 Rc8 56. b6 Rb8 57. Qb5 Bxc3 58. b7 Be5 59. Qc6 g5 60. Kg2 Kg7 61. Qc8 Kf6 62. Kf2 Bd6 63. Qd7 Be5 64. Ke3 Kg6 65. f4 gxf4+ 66. gxf4 Bf6 67. Qc8 1-0


[Site "https://www.chess.com"]

[Event "Titled Tuesday Blitz January 17 Late 2023"]
[White "Zierk, Steven"]
[Black "Artemiev, Vladislav"]
[WhiteFideId "2034255"]
[BlackFideId "24101605"]
[WhiteElo "2488"]
[BlackElo "2701"]
[Result "1/2-1/2"]
[Round "09"]
[TimeControl "180+2"]
[Date "2023.01.17"]
[WhiteClock "0:00:04"]
[BlackClock "0:00:05"]

1. e4 e5 2. Nf3 Nc6 3. Bc4 Nf6 4. d4 exd4 5. e5 Ng4 6. O-O Be7 7. Re1 d6 8. exd6 cxd6 9. Nxd4 O-O 10. Nc3 Bh4 11. g3 Bf6 12. Ndb5 Nxf2 13. Kxf2 a6 14. Na3 b5 15. Bd5 b4 16. Bxc6 Qb6+ 17. Be3 Qxc6 18. Nd5 bxa3 19. Nxf6+ gxf6 20. bxa3 Re8 21. Qf3 Qxc2+ 22. Re2 Qf5 23. Qxf5 Bxf5 24. Rd2 Rac8 25. Rxd6 Rc3 26. Re1 Rxa3 27. Rd2 h5 28. Bd4 Rd8 29. Ree2 Rd6 30. Bc5 Rxd2 31. Rxd2 Ra4 32. a3 Rc4 33. Bd4 Kg7 34. Ke3 Kg6 35. Rb2 Be6 36. Rb6 Ra4 37. Bb2 Ra5 38. Rb4 Rc5 39. Rf4 f5 40. Rb4 Rc2 41. h4 Rg2 42. Be5 Ra2 43. Ra4 Bc8 44. Bf4 Rb2 45. Ra5 Rb3+ 46. Kd4 f6 47. Kc5 Rc3+ 48. Kd6 Rb3 49. Ke7 Rb7+ 50. Kd8 Be6 51. Rxa6 Bc4 52. Rc6 Bb5 53. Rd6 Ra7 54. Be5 Kf7 55. Rxf6+ Kg8 56. Rxf5 Rxa3 57. Rxh5 Kf7 58. Kc7 Bd3 59. Rg5 Ke6 60. h5 Ra5 61. Bf4 Rxg5 62. Bxg5 Be2 63. h6 Kf7 64. Kd6 Kg6 65. Bf4 Kh7 66. Ke7 Bd3 67. Kf6 Bg6 68. g4 1/2-1/2


[Site "https://www.chess.com"]